TOP OF THE 1ST |
---|
El Dorado Oilers batting - Pitching for Baffin Island Beavers : RHP Luis Féliz | Pitching: RHP Luis Féliz | | Batting: RHB Nick Webb | 0-0: Ground out 4-3 (Groundball, 4) | Batting: SHB Theron Harper | 0-0: Ball 1-0: Fly out, F7 (Flyball, 78S) | Batting: LHB Ashley Pickhills | 0-0: Called Strike 0-1: Fly out, F8 (Flyball, 8LD) | Top of the 1st over - 0 runs, 0 hits, 0 errors, 0 left on base; El Dorado 0 - Baffin Island 0 | BOTTOM OF THE 1ST |
---|
Baffin Island Beavers batting - Pitching for El Dorado Oilers : RHP Mark Anderson | Pitching: RHP Mark Anderson | | Batting: SHB Alonso Ferreira | 0-0: Ball 1-0: Swinging Strike 1-1: Swinging Strike 1-2: Foul Ball, location: 2F 1-2: Ground out 4-3 (Groundball, 4) | Batting: RHB Tony Morton | 0-0: Ground out 4-3 (Groundball, 4S) | Batting: LHB Howard Evans | 0-0: Ball 1-0: Ball 2-0: Ground out 4-3 (Groundball, 4) | Bottom of the 1st over - 0 runs, 0 hits, 0 errors, 0 left on base; El Dorado 0 - Baffin Island 0 | TOP OF THE 2ND |
---|
El Dorado Oilers batting - Pitching for Baffin Island Beavers : RHP Luis Féliz | Batting: LHB Chris Miller | 0-0: Foul Ball, location: 2F 0-1: Fly out, F6 (Popup, 6) | Batting: RHB Juan Mendoza | 0-0: Ball 1-0: Ball 2-0: Swinging Strike 2-1: Ball 3-1: Called Strike 3-2: Ground out 4-3 (Groundball, 4MS) | Batting: RHB Sixto Vélez | 0-0: Ball 1-0: Called Strike 1-1: Called Strike 1-2: Foul Ball, location: 2F 1-2: Ball 2-2: Foul Ball, location: 2F 2-2: Ball 3-2: Fly out, F6 (Popup, 6D) | Top of the 2nd over - 0 runs, 0 hits, 0 errors, 0 left on base; El Dorado 0 - Baffin Island 0 | BOTTOM OF THE 2ND |
---|
Baffin Island Beavers batting - Pitching for El Dorado Oilers : RHP Mark Anderson | Batting: RHB Dave Craig | 0-0: Fly out, F3 (Popup, 3L) | Batting: LHB Norberto Muńóz | 0-0: Ball 1-0: Ball 2-0: Ball 3-0: Called Strike 3-1: Base on Balls | Batting: LHB Lorenzo Villa | 0-0: Called Strike 0-1: Ball 1-1: Ball 2-1: Ball 3-1: Foul Ball, location: 2F 3-2: Base on Balls Norberto Muńóz to second | Batting: LHB Eric Wheeler | 0-0: Called Strike 0-1: Ball 1-1: Ball 2-1: Ball 3-1: Foul Ball, location: 2F 3-2: Fly out, F8 (Flyball, 8RD) | Batting: RHB Pedro Molina | 0-0: Fielders Choice at 2nd, 6-4 (Groundball, 6) | Bottom of the 2nd over - 0 runs, 0 hits, 0 errors, 2 left on base; El Dorado 0 - Baffin Island 0 | TOP OF THE 3RD |
---|
El Dorado Oilers batting - Pitching for Baffin Island Beavers : RHP Luis Féliz | Batting: RHB Bob Johnson | 0-0: Ball 1-0: Ball 2-0: Ground out 6-3 (Groundball, 6S) | Batting: RHB José Carlos Caraballo | 0-0: Called Strike 0-1: SINGLE (Line Drive, 89S) | Batting: RHB Chris Parker | 0-0: Foul Ball, location: 2F 0-1: Fly out, F8 (Flyball, 8LD) | Batting: RHB Nick Webb | 0-0: Called Strike 0-1: Swinging Strike José Carlos Caraballo steals 2nd base 0-2: Foul Ball, location: 2F 0-2: Ground out 1-3 (Groundball, P) | Top of the 3rd over - 0 runs, 1 hit, 0 errors, 1 left on base; El Dorado 0 - Baffin Island 0 | BOTTOM OF THE 3RD |
---|
Baffin Island Beavers batting - Pitching for El Dorado Oilers : RHP Mark Anderson | Batting: RHB Jonathan MacVey | 0-0: Foul Ball, location: 2F 0-1: Ball 1-1: Foul Ball, location: 2F 1-2: Strikes out swinging | Batting: SHB Alonso Ferreira | 0-0: Ball 1-0: Ball 2-0: Ball 3-0: Called Strike 3-1: Swinging Strike 3-2: Base on Balls | Batting: RHB Tony Morton | 0-0: Ball 1-0: Called Strike 1-1: Ball 2-1: Foul Ball, location: 2F 2-2: Fly out, F8 (Line Drive, 8RM) | Batting: LHB Howard Evans | 0-0: DOUBLE (Line Drive, 8RXD) Alonso Ferreira to third Runner from 3rd tries for Home, SAFE, no throw | Batting: RHB Dave Craig | 0-0: Ball 1-0: Ball 2-0: Foul Ball, location: 2F 2-1: Ball 3-1: Ground out U3 (Groundball, 3) | Bottom of the 3rd over - 1 run, 1 hit, 0 errors, 1 left on base; El Dorado 0 - Baffin Island 1 | TOP OF THE 4TH |
---|
El Dorado Oilers batting - Pitching for Baffin Island Beavers : RHP Luis Féliz | Batting: SHB Theron Harper | 0-0: SINGLE (Flyball, 34D) | Batting: LHB Ashley Pickhills | 0-0: Called Strike 0-1: Ball 1-1: Fly out, F4 (Popup, 13S) | Batting: LHB Chris Miller | 0-0: Called Strike 0-1: Swinging Strike 0-2: Ball 1-2: Strikes out swinging | Pitching: RHP Robert Reeves | | Batting: RHB Juan Mendoza | 0-0: Ball 1-0: Foul Ball, location: 2F 1-1: Fly out, F9 (Flyball, 9LSF) | Top of the 4th over - 0 runs, 1 hit, 0 errors, 1 left on base; El Dorado 0 - Baffin Island 1 | BOTTOM OF THE 4TH |
---|
Baffin Island Beavers batting - Pitching for El Dorado Oilers : RHP Mark Anderson | Batting: LHB Norberto Muńóz | 0-0: Called Strike 0-1: Ball 1-1: Ground out 4-3 (Groundball, 34) | Batting: LHB Lorenzo Villa | 0-0: Ball 1-0: Ball 2-0: Ball 3-0: Called Strike 3-1: Called Strike 3-2: SINGLE (Line Drive, 4MD) | Batting: LHB Eric Wheeler | 0-0: Called Strike 0-1: Foul Ball, location: 2F 0-2: Fielders Choice at 2nd, 1-6 (Groundball, P) | Batting: RHB Pedro Molina | 0-0: Called Strike 0-1: Foul Ball, location: 2F 0-2: Fly out, F8 (Line Drive, 8LM) | Bottom of the 4th over - 0 runs, 1 hit, 0 errors, 1 left on base; El Dorado 0 - Baffin Island 1 | TOP OF THE 5TH |
---|
El Dorado Oilers batting - Pitching for Baffin Island Beavers : RHP Robert Reeves | Batting: RHB Sixto Vélez | 0-0: Foul Ball, location: 2F 0-1: Ball 1-1: Foul Ball, location: 2F 1-2: Strikes out swinging | Batting: RHB Bob Johnson | 0-0: Called Strike 0-1: Ball 1-1: Foul Ball, location: 2F 1-2: Foul Ball, location: 2F 1-2: Ground out 3-1 (Groundball, 34S) | Batting: RHB José Carlos Caraballo | 0-0: Called Strike 0-1: Called Strike 0-2: Ball 1-2: Ball 2-2: Foul Ball, location: 2F 2-2: Fly out, F8 (Flyball, 8RXD) | Top of the 5th over - 0 runs, 0 hits, 0 errors, 0 left on base; El Dorado 0 - Baffin Island 1 | BOTTOM OF THE 5TH |
---|
Baffin Island Beavers batting - Pitching for El Dorado Oilers : RHP Mark Anderson | Batting: RHB Jonathan MacVey | 0-0: Fly out, F6 (Line Drive, 6) | Batting: SHB Alonso Ferreira | 0-0: Ball 1-0: Foul Ball, location: 2F 1-1: Foul Ball, location: 2F 1-2: Ball 2-2: Ball 3-2: SINGLE (Groundball, 6MD) | Batting: RHB Tony Morton | 0-0: Ball 1-0: Fly out, F9 (Flyball, 89S) | Batting: LHB Howard Evans | 0-0: Ball 1-0: Swinging Strike 1-1: Fly out, F8 (Flyball, 8LM) | Bottom of the 5th over - 0 runs, 1 hit, 0 errors, 1 left on base; El Dorado 0 - Baffin Island 1 | TOP OF THE 6TH |
---|
El Dorado Oilers batting - Pitching for Baffin Island Beavers : RHP Robert Reeves | Batting: RHB Chris Parker | 0-0: Ball 1-0: Ball 2-0: Ball 3-0: Base on Balls | Batting: RHB Nick Webb | 0-0: Called Strike 0-1: Ball 1-1: Ball 2-1: Ball 3-1: Base on Balls Chris Parker to second | Batting: SHB Theron Harper | 0-0: Swinging Strike 0-1: Swinging Strike 0-2: Ball 1-2: Foul Ball, location: 2F 1-2: Fly out, F9 (Flyball, 89M) | Batting: LHB Ashley Pickhills | 0-0: Called Strike 0-1: Called Strike 0-2: DOUBLE (Flyball, 78D) Chris Parker scores Nick Webb to third | Batting: LHB Chris Miller | 0-0: Intentional Walk | Batting: RHB Juan Mendoza | 0-0: Ball 1-0: Called Strike 1-1: Called Strike 1-2: Strikes out swinging | Batting: RHB Sixto Vélez | 0-0: Ball 1-0: DOUBLE (Flyball, 78D) Nick Webb scores Ashley Pickhills scores Chris Miller to third Runner from 3rd tries for Home, SAFE, no throw | Pitching: LHP Roberto Barrón | | Batting: RHB Bob Johnson | 0-0: Intentional Walk | Batting: RHB José Carlos Caraballo | 0-0: Called Strike 0-1: Ball 1-1: Foul Ball, location: 2F 1-2: Strikes out swinging | Top of the 6th over - 4 runs, 2 hits, 0 errors, 2 left on base; El Dorado 4 - Baffin Island 1 | BOTTOM OF THE 6TH |
---|
Baffin Island Beavers batting - Pitching for El Dorado Oilers : RHP Mark Anderson | Batting: RHB Dave Craig | 0-0: Called Strike 0-1: Ball 1-1: Swinging Strike 1-2: Ball 2-2: Ball 3-2: Foul Ball, location: 2F 3-2: DOUBLE (Line Drive, 7LS) | Batting: LHB Norberto Muńóz | 0-0: Called Strike 0-1: Called Strike 0-2: Foul Ball, location: 2F 0-2: Ball 1-2: Foul Ball, location: 2F 1-2: Ball Wild Pitch! Dave Craig to third 2-2: Ball 3-2: Base on Balls | Pitching: RHP César López | | Batting: LHB Lorenzo Villa | 0-0: Ball 1-0: Ground out U3 (Groundball, 3L) Dave Craig scores Norberto Muńóz to second | Batting: LHB Eric Wheeler | 0-0: Ball 1-0: Called Strike 1-1: Ground out U3 (Groundball, 34S) Norberto Muńóz to third | Batting: RHB Pedro Molina | 0-0: Ground out 5-3 (Groundball, 56S) | Bottom of the 6th over - 1 run, 1 hit, 0 errors, 1 left on base; El Dorado 4 - Baffin Island 2 | TOP OF THE 7TH |
---|
El Dorado Oilers batting - Pitching for Baffin Island Beavers : LHP Roberto Barrón | Batting: RHB Chris Parker | 0-0: Swinging Strike 0-1: Swinging Strike 0-2: Ball 1-2: Strikes out swinging | Batting: RHB Nick Webb | 0-0: Ball 1-0: Foul Ball, location: 2F 1-1: Ball 2-1: Ball 3-1: Foul Ball, location: 2F 3-2: Foul Ball, location: 2F 3-2: Fly out, F9 (Flyball, 9LMF) | Batting: SHB Theron Harper | 0-0: Foul Ball, location: 2F 0-1: Called Strike 0-2: Ball 1-2: Ball 2-2: Ball 3-2: Fly out, F9 (Line Drive, 9) | Top of the 7th over - 0 runs, 0 hits, 0 errors, 0 left on base; El Dorado 4 - Baffin Island 2 | BOTTOM OF THE 7TH |
---|
Baffin Island Beavers batting - Pitching for El Dorado Oilers : RHP César López | Batting: RHB Jonathan MacVey | 0-0: Called Strike 0-1: Ground out 6-3 (Groundball, 56) | Batting: SHB Alonso Ferreira | 0-0: Called Strike 0-1: Foul Ball, location: 2F 0-2: SINGLE (Line Drive, 4) | Batting: RHB Tony Morton | 0-0: Ball 1-0: 2-RUN HOME RUN (Flyball, 7LD), Distance : 376 ft | Pitching: RHP Mitch Brown | | Batting: LHB Howard Evans | 0-0: Ball 1-0: Ball 2-0: Ball 3-0: Called Strike 3-1: Foul Ball, location: 2F 3-2: Base on Balls | Batting: RHB Dave Craig | 0-0: Ball 1-0: Foul Ball, location: 2F 1-1: Ball 2-1: Ball 3-1: Called Strike 3-2: Base on Balls Howard Evans to second | Batting: LHB Norberto Muńóz | 0-0: Called Strike 0-1: SINGLE (Groundball, 56D) Howard Evans to third Dave Craig to second Runner from 3rd tries for Home, SAFE, no throw | Batting: LHB Lorenzo Villa | 0-0: DOUBLE (Line Drive, 9LS) Dave Craig scores Norberto Muńóz to third Runner from 3rd tries for Home, SAFE, no throw | Batting: LHB Eric Wheeler | 0-0: Intentional Walk | Pitching: RHP Rick Grant | | Batting: RHB Pedro Molina | 0-0: Ball 1-0: Foul Ball, location: 2F 1-1: Foul Ball, location: 2F 1-2: Foul Ball, location: 2F 1-2: Ball 2-2: Ball 3-2: Foul Ball, location: 2F 3-2: Grounds into double play, 4-6-3 (Groundball, 4) | Bottom of the 7th over - 5 runs, 4 hits, 0 errors, 1 left on base; El Dorado 4 - Baffin Island 7 | TOP OF THE 8TH |
---|
El Dorado Oilers batting - Pitching for Baffin Island Beavers : LHP Roberto Barrón | Now in RF: Alberto Hernández | | Batting: LHB Ashley Pickhills | 0-0: Ball 1-0: Called Strike 1-1: Foul Ball, location: 2F 1-2: Ball 2-2: Ball 3-2: Fly out, F8 (Line Drive, 8LM) | Batting: LHB Chris Miller | 0-0: Ground out 6-3 (Groundball, 6) | Batting: RHB Juan Mendoza | 0-0: Ball 1-0: Ball 2-0: Ball 3-0: Base on Balls | Batting: RHB Sixto Vélez | 0-0: Called Strike 0-1: Ball 1-1: Fly out, F4 (Line Drive, 4) | Top of the 8th over - 0 runs, 0 hits, 0 errors, 1 left on base; El Dorado 4 - Baffin Island 7 | BOTTOM OF THE 8TH |
---|
Baffin Island Beavers batting - Pitching for El Dorado Oilers : RHP Rick Grant | Batting: RHB Jonathan MacVey | 0-0: Ball 1-0: Ball 2-0: Called Strike 2-1: Called Strike 2-2: Strikes out swinging | Batting: SHB Alonso Ferreira | 0-0: Ball 1-0: Ball 2-0: Called Strike 2-1: Foul Ball, location: 2F 2-2: Reached on error, E3 (Groundball, 3S) | Batting: RHB Tony Morton | 0-0: Called Strike 0-1: Ball 1-1: Ground out U3 (Groundball, 3L) Alonso Ferreira to second | Batting: LHB Howard Evans | 0-0: Called Strike 0-1: Swinging Strike 0-2: Strikes out looking | Bottom of the 8th over - 0 runs, 0 hits, 1 error, 1 left on base; El Dorado 4 - Baffin Island 7 | TOP OF THE 9TH |
---|
El Dorado Oilers batting - Pitching for Baffin Island Beavers : LHP Roberto Barrón | Pitching: RHP Tony Rocha | | Batting: RHB Bob Johnson | 0-0: Ball 1-0: Foul Ball, location: 2F 1-1: Ball 2-1: Fly out, F8 (Flyball, 8RD) | Batting: RHB José Carlos Caraballo | 0-0: Called Strike 0-1: Called Strike 0-2: Ball 1-2: Foul Ball, location: 2F 1-2: Strikes out looking | Batting: RHB Chris Parker | 0-0: Foul Ball, location: 2F 0-1: Ball 1-1: Ball 2-1: Foul Ball, location: 2F 2-2: Ball 3-2: Strikes out swinging, 2-3 out at first. | Top of the 9th over - 0 runs, 0 hits, 0 errors, 0 left on base; El Dorado 4 - Baffin Island 7 | |